Map: Ulrena

Players

Miszu

  • Race: Terran Terran
  • League: Master

BRATOK - Winner!

  • Race: Terran Terran
  • League: Grandmaster

VOD

Have the link to the VOD?

Description

Time

  • Played on: May 9, 2016, 3:56 p.m.
  • Length: 5:40
Show
View Real Time Build Order
Export as new Build Order

Miszu Terran 

Build Orders: 1/1/1 

Get SALT Encoding   

  12  0:01  SCV  
  13  0:13  SCV  
  14  0:19  Supply Depot  
  14  0:25  SCV  
  15  0:40  SCV  
  16  0:44  Refinery, Barracks  
  16  0:50  Refinery  
  16  0:54  SCV  
  17  1:06  SCV  
  18  1:18  SCV  
  20  1:37  Factory, Orbital Command  
  19  1:43  Marine  
  20  1:47  Supply Depot  
  20  2:01  Marine  
  20  2:03  SCV  
  22  2:15  SCV  
  23  2:19  Marine  
  23  2:21  Starport, Factory Tech Lab  
  24  2:27  SCV  
  25  2:31  Supply Depot  
  25  2:39  SCV  
  27  2:47  Barracks Tech Lab, Factory Reactor  
  26  2:51  SCV  
  26  2:53  Supply Depot  
  27  3:03  Raven, SCV  
  30  3:06  Marine  
  31  3:16  SCV  
  32  3:20  Supply Depot  
  32  3:28  SCV  
  32  3:32  Marine  
  34  3:39  Siege Tank  
  37  3:53  Viking, Medivac  
  41  3:56  Marine  
  41  3:58  Supply Depot  
  42  4:03  SCV  
  43  4:14  Marine, Siege Tank  
  48  4:24  Viking  
  48  4:36  Marine  
  49  4:40  Command Center  
  49  4:48  Viking  
  51  4:54  Viking  
  53  5:13  Marine  
Show
View Real Time Build Order
Export as new Build Order

BRATOK Terran - Winner!

Build Orders: Reaper Expand 

Get SALT Encoding   

  12  0:00  SCV  
  13  0:12  SCV  
  14  0:17  Supply Depot  
  14  0:25  SCV  
  15  0:39  SCV  
  15  0:41  Barracks  
  16  0:45  Refinery  
  16  0:51  SCV  
  17  1:03  SCV  
  18  1:15  SCV  
  19  1:27  Orbital Command  
  19  1:29  Reaper  
  20  1:45  Command Center  
  20  1:55  SCV  
  21  2:01  Marine  
  21  2:06  Supply Depot  
  22  2:12  Factory  
  22  2:13  SCV  
  23  2:22  Refinery  
  23  2:27  Marine  
  23  2:28  SCV  
  25  2:41  Bunker  
  25  2:43  SCV  
  26  2:47  Barracks Reactor  
  26  2:57  Orbital Command  
  26  3:00  Starport  
  26  3:02  Hellion  
  26  3:03  SCV  
  29  3:16  SCV  
  30  3:23  Marine x2  
  30  3:24  Factory Tech Lab  
  32  3:28  SCV  
  32  3:30  SCV  
  32  3:31  Supply Depot  
  32  3:34  Engineering Bay  
  34  3:37  Viking  
  36  3:44  Siege Tank  
  36  3:47  SCV  
  40  3:48  SCV  
  40  3:53  Supply Depot  
  41  4:00  Missile Turret  
  41  4:05  Missile Turret  
  40  4:17  Siege Tank  
  40  4:18  SCV x2  
  45  4:26  Refinery  
  45  4:29  Viking  
  47  4:32  SCV x2  
  49  4:38  Supply Depot  
  49  4:39  Viking  
  49  4:44  SCV x2  
  53  4:52  Supply Depot  
  53  4:56  SCV x2  
  55  5:00  Viking  
  57  5:08  Viking, SCV x2  
  61  5:20  Refinery  
  61  5:27  SCV x2  
  66  5:38  Barracks  
  66  5:39  Supply Depot, Barracks  
Tags
 
Add a new tag
Caveats
  • Supply blocks, unpowered buildings, or Contaminate may cause inaccurate times.
  • Supply counts are checked every 10 seconds.